 Dungeon Crawl Stone Soup version 0.21.1-1-g345015f (webtiles) character file.

56 kae the Insei (level 3, 0/27 HPs)
             Began as a Demonspawn Transmuter on June 14, 2018.
             Slain by a leopard gecko (2 damage)
             ... on level 2 of the Dungeon.
             The game lasted 00:01:31 (1482 turns).

kae the Insei (Demonspawn Transmuter)               Turns: 1482, Time: 00:01:32

Health: 0/27       AC:  2    Str: 10    XL:     3   Next: 71%
Magic:  5/6        EV: 12    Int: 14    God:
Gold:   90         SH:  0    Dex: 14    Spells: 3/6 levels left

rFire    . . .     SeeInvis .     - Unarmed
rCold    . . .     Gourm    .   (no shield)
rNeg     . . .     Faith    .   b - +0 robe
rPois    .         Spirit   .   (no helmet)
rElec    .         Reflect  .   (no cloak)
rCorr    .         Harm     .   (no gloves)
MR       .....                  (no boots)
Stlth    +.........             (no amulet)
HPRegen  0.09/turn              (no ring)
MPRegen  0.10/turn              (no ring)

@: no status effects
A: powered by pain 2
a: no special abilities


You were on level 2 of the Dungeon.
You were hungry.

You visited 1 branch of the dungeon, and saw 2 of its levels.

You collected 90 gold pieces.

Inventory:

Missiles
 a - 9 arrows
Armour
 b - a +0 robe (worn)
Scrolls
 i - 2 scrolls of identify
Potions
 e - a potion of might {unknown}
 f - a potion of lignification
Books
 c - a book of Changes

   Spells                             Type                      Level
   a - Beastly Appendage              Transmutation                1
   b - Sticks to Snakes               Transmutation                2
   c - Spider Form                    Transmutation/Poison         3
   d - Ice Form                       Ice/Transmutation            4
   e - Blade Hands                    Transmutation                5
Comestibles
 d - 2 rations


   Skills:
 + Level 1.6 Fighting
 + Level 2.2 Dodging
 * Level 3.3 Unarmed Combat
 + Level 2.3 Spellcasting
 + Level 2.2 Transmutations


You had 3 spell levels left.
You knew the following spells:

 Your Spells              Type           Power        Failure   Level  Hunger
a - Beastly Appendage     Tmut           #.....       10%         1    #......
b - Sticks to Snakes      Tmut           #.......     14%         2    ###....


Dungeon Overview and Level Annotations

Branches:
Dungeon (2/15)

Altars:


Innate Abilities, Weirdness & Mutations

You sometimes gain power by taking damage.


Message History

The leopard gecko is moderately wounded.
The bat closely misses you. x2
The bat struggles to escape constriction.
The bat closely misses you.
The bat closely misses your ball python.
The leopard gecko closely misses you.
Your ball python bites the bat.
Your ball python constricts the bat.
The bat dies!
You miss the leopard gecko.
The leopard gecko is moderately wounded.
The bat closely misses you. The leopard gecko barely misses you.
You closely miss the leopard gecko.
The leopard gecko is moderately wounded.
The bat hits your ball python.
Your ball python dies!
The leopard gecko barely misses you.
You barely miss the leopard gecko.
The leopard gecko is moderately wounded.
The bat barely misses you. The leopard gecko bites you.
You die...

#<..#
#.#...S###....< #..
..%........ .. ###.
.......... ... ..
?.. ..... .... ##
#. #... #.. #.. ...
'####.l###.#.##
......)@b.....# #
........†###.##. .
......).........#.#
..........##.##...
######.#..#.....# #
#.#.....# #
#...#...# #
##..#.#.###########
#....#............


You could see a leopard gecko and a bat.

Vanquished Creatures
  2 adders (D:2)
  2 dart slugs (D:1)
  A leopard gecko (D:2)
  5 giant cockroaches
  2 goblins
  3 hobgoblins
  2 jackals (D:1)
  3 kobolds (D:1)
  A quokka (D:2)
  3 bats (D:1)
  5 frilled lizards
  3 rats (D:2)
32 creatures vanquished.

Vanquished Creatures (collateral kills)
  A worm (D:2)
  A bat (D:2)
2 creatures vanquished.

Grand Total: 34 creatures vanquished

Notes
Turn   | Place    | Note
-------+----------+-------------------------------------------
     0 | D:1      | kae the Demonspawn Transmuter began the quest for the Orb.
     0 | D:1      | Reached XP level 1. HP: 15/15 MP: 3/3
   320 | D:1      | Gained mutation: You sometimes gain a little power by taking damage. [demonic ancestry]
   320 | D:1      | Reached XP level 2. HP: 20/21 MP: 5/5
   324 | D:1      | Learned a level 2 spell: Sticks to Snakes
   408 | D:1      | Reached skill level 3 in Unarmed Combat
   944 | D:2      | Gained mutation: You sometimes gain power by taking damage. [demonic ancestry]
   944 | D:2      | Reached XP level 3. HP: 10/26 MP: 3/6
  1388 | D:2      | Found a faded altar of an unknown god.
  1482 | D:2      | Slain by a leopard gecko

Skill      XL: |  1  2 |
---------------+-------+-----
Transmutations | 2 |  2.2
Unarmed Combat | 3 |  3.3
Dodging        | 2 |  2.2
Fighting       | |  1.6
Spellcasting   | |  2.3

Action                   || total
-------------------------++-------
Melee: Unarmed           ||   140
       Kick              ||     4
       Headbutt          ||     3
 Cast: Beastly Appendage ||    15
       Sticks to Snakes  ||     3
  Use: Scroll            ||     4
 Stab: Distracted        ||     1
  Eat: Chunk             ||     2
Armor: Robe              ||    36
Dodge: Dodged            ||   116
